 Dungeon Crawl Stone Soup version 0.25-a0-41-g6cf4ce537d (webtiles) character file.

Game seed: 4927137316408130889, levelgen mode: deterministic

8 Alarkh the Skirmisher (level 2, 24/24 HPs)
             Began as a Demonspawn Fighter on Oct 21, 2019.
             Got out of the dungeon alive.
             The game lasted 00:00:09 (340 turns).

Alarkh the Skirmisher (Demonspawn Fighter)           Turns: 340, Time: 00:00:10

Health: 24/24      AC:  6    Str: 16    XL:     2   Next: 0%
Magic:  2/2        EV:  6    Int:  9    God:
Gold:   37         SH:  8    Dex: 12    Spells: 1/1 levels left

rFire    . . .     SeeInvis .   a - +0 long sword
rCold    . . .     Gourm    .   c - +0 shield
rNeg     . . .     Faith    .   b - +0 scale mail
rPois    .         Spirit   +   (no helmet)
rElec    .         Reflect  .   (no cloak)
rCorr    .         Harm     .   (no gloves)
MR       .....                  (no boots)
Stlth    ..........             (no amulet)
HPRegen  0.08/turn              (no ring)
MPRegen  0.08/turn              (no ring)

@: no status effects
A: magic shield
a: no special abilities


You escaped.
You were not hungry.

You visited 1 branch of the dungeon, and saw 1 of its levels.

You collected 37 gold pieces.

Inventory:

Hand Weapons
 a - a +0 long sword (weapon)
Armour
 b - a +0 scale mail (worn)
 c - a +0 shield (worn)
Scrolls
 e - a scroll of random uselessness {unknown}
 h - a scroll of teleportation {unknown}
 i - a scroll of amnesia {unknown}
 j - a scroll of identify {unknown}
Potions
 d - a potion of might
 k - a potion of agility {unknown}
Comestibles
 f - a ration
 g - 3 chunks of flesh


   Skills:
 - Level 3.0 Fighting
 + Level 2.5 Long Blades
 - Level 2.6 Armour
 - Level 2.6 Shields


You had one spell level left.
You didn't know any spells.
Your spell library was empty.

Dungeon Overview and Level Annotations

Branches:
Dungeon (1/15)

Altars:


Innate Abilities, Weirdness & Mutations

When hurt, damage is shared between your health and your magic reserves.


Message History

You see here a stone.
A kobold is nearby!
You block the kobold's attack.
A kobold is nearby!
You hit the kobold.
You kill the kobold!
You have reached level 2!
Your demonic ancestry asserts itself...
You feel your magical essence form a protective shroud around your flesh.
Things that are here:
a stone; a kobold corpse
There is an open door here.
As you open the door, it creaks loudly!
There is an open door here.
There is an open door here.
As you open the door, it creaks loudly!
There is an open door here.
There is a staircase leading out of the dungeon here.
Are you sure you want to leave the Dungeon?
This will make you lose the game!
You have escaped!

#######...#.##.........####......
###.##.###.......## ##.#รท#.
#....### ##'#...## ###.## #.####
##.#..## #.# #.# ##..#'## #.# #.#
##...#.# #># #.# ##....###
########.# #.#
##......#####........#
#.####.....@.....+.########
#....##......#####.#
########....##.# #.# ##...#..#
#.# ##..#..###.# ##.#......#
#'#.###### #)#.# #...#


There were no monsters in sight!

Vanquished Creatures
  A giant cockroach (D:1)
  A goblin (D:1)
  A hobgoblin (D:1)
  A frilled lizard (D:1)
  2 kobolds (D:1)
  2 rats (D:1)
8 creatures vanquished.

Notes
Turn   | Place    | Note
-------+----------+-------------------------------------------
     0 | D:1      | Alarkh the Demonspawn Fighter began the quest for the Orb.
     0 | D:1      | Reached XP level 1. HP: 18/18 MP: 1/1
   288 | D:1      | Gained mutation: When hurt, damage is shared between your
                  | health and your magic reserves. [demonic ancestry]
   288 | D:1      | Reached XP level 2. HP: 21/24 MP: 2/2
   340 | D:$      | Got out of the dungeon alive.

Levels and vault maps discovered:
D:1:      mrwooster_arrival_arrow, layout_loops_corners

Skill      XL: |  1 |
---------------+----+-----
Long Blades    | 2 |  2.5
Fighting       | |  3.0
Armour         | |  2.6
Shields        | |  2.6

Action                   || total
-------------------------++-------
Melee: Long sword        ||    29
Armor: Scale mail        ||    15
Dodge: Dodged            ||     7
Block: Shield            ||    13
       Rpst.: Long sword ||     1

Table legend:
 A = Non-vault XP
 B = Vault XP
 C = Vault XP percentage of total XP
 D = Non-vault monster count
 E = Vault monster count
 F = Vault count percentage of total count
                 A         B        C        D         E       F
            +---------+---------+-------+---------+---------+-------
      Total |      12 |       0 |   0.0 |       8 |       0 |   0.0
            +---------+---------+-------+---------+---------+-------
        D:1 |      12 |       0 |   0.0 |       8 |       0 |   0.0
            +---------+---------+-------+---------+---------+-------
